 Dungeon Crawl Stone Soup version 0.13-a0-2537-g1f6edf4 (webtiles) character file.

259 Kae the Ruinous (level 5, -2/28 HPs)
             Began as a Tengu Fire Elementalist on July 27, 2013.
             Slain by a gnoll
             ... wielding a +0,+0 club
              (5 damage)
             ... on Level 3 of the Dungeon.
             The game lasted 00:04:21 (3187 turns).

Kae the Ruinous (Tengu Fire Elementalist)           Turns: 3187, Time: 00:04:21

HP  -2/28        AC  2     Str  8      XL: 5   Next: 36%
MP   8/12        EV 12     Int 17      God:
Gold 105         SH  0     Dex 14      Spells:  2 memorised,  5 levels left

Res.Fire  : . . .   See Invis. : .   q - +0,+3 orc short sword
Res.Cold  : . . .   Warding    : .   a - +0 robe
Life Prot.: . . .   Conserve   : .   (no shield)
Res.Poison: .       Res.Corr.  : .   (helmet restricted)
Res.Elec. : .       Clarity    : .   (no cloak)
Sust.Abil.: . .     Spirit.Shd : .   (no gloves)
Res.Mut.  : .       Stasis     : .   (boots unavailable)
Res.Rott. : .       Flight     : .   (no amulet)
Saprovore : . . .                    (no ring)
                                     (no ring)

@: slightly resistant to hostile enchantments, fairly stealthy
A: able to fly, beak, talons 3
a: Fly


You were on level 3 of the Dungeon.
You were very hungry.

You visited 1 branch of the dungeon, and saw 4 of its levels.

You collected 85 gold pieces.

Inventory:

Hand weapons
 l - a +0,+0 mace
 q - a +0,+3 orcish short sword (weapon)
Armour
 a - a +0 robe (worn)
Comestibles
 c - 3 bread rations
 k - a meat ration
 n - a lychee
Scrolls
 d - 4 scrolls of remove curse {unknown}
 e - 4 scrolls of recharging {unknown}
 f - 5 scrolls of magic mapping {unknown}
 j - 3 scrolls of teleportation {unknown}
 m - 3 scrolls of identify {unknown}
 p - 2 scrolls of enchant armour {unknown}
 r - a scroll of curse weapon {unknown}
 t - a scroll of enchant weapon II {unknown}
 u - a scroll of blinking {unknown}
 v - a scroll of amnesia {unknown}
Jewellery
 w - an uncursed amulet of faith {unknown}
 x - an uncursed ring of regeneration {unknown}
 y - an uncursed ring of protection from fire {unknown}
 A - the ring of Contentment {Hunger- Contam, unknown}
   (You found it on level 4 of the Dungeon)

   [ring of sustenance]

   It causes magical contamination when unequipped.
Potions
 g - a potion of brilliance {unknown}
 h - 2 potions of curing {unknown}
 i - a potion of beneficial mutation {unknown}
 o - a potion of confusion {unknown}
 s - a potion of flight {unknown}
 z - a potion of heal wounds {unknown}
Books
 b - a book of Flames

   Spells                             Type                      Level
   *Flame Tongue                      Conjuration/Fire             1
   *Throw Flame                       Conjuration/Fire             2
   Conjure Flame                      Conjuration/Fire             3
   Inner Flame                        Hexes/Fire                   3
   Sticky Flame                       Conjuration/Fire             4
   Fireball                           Conjuration/Fire             5


   Skills:
 - Level 2.1 Dodging
 - Level 2.0 Stealth
 + Level 2.4 Spellcasting
 * Level 4.9 Conjurations
 + Level 4.0 Fire Magic


You had 5 spell levels left.
You knew the following spells:

 Your Spells              Type           Power        Failure   Level  Hunger
a - Flame Tongue          Conj/Fire      ###..        2%          1    #......
b - Throw Flame           Conj/Fire      ###...       4%          2    ##.....


Dungeon Overview and Level Annotations

Branches:
Dungeon (4/27)
 Temple: D:4-7

Altars:


Innate Abilities, Weirdness & Mutations

You can fly.
You have a beak for a mouth.
You have claws for feet.


Message History

Aim: a gnoll, wielding a club The flame hits the gnoll.
The gnoll is moderately wounded.
The gnoll closely misses you.
Casting: Flame Tongue
Confirm with . or Enter, or press ? or * to list all spells.
Aiming: Flame Tongue
Press: ? - help, Shift-Dir - straight line, f/p - gnoll
Aim: a gnoll, wielding a club (moderately wounded)
The flame hits the gnoll.
The gnoll is almost dead.
You are no longer glowing.
The gnoll misses you.
Casting: Flame Tongue
Confirm with . or Enter, or press ? or * to list all spells.
Aiming: Flame Tongue
Press: ? - help, Shift-Dir - straight line, f/p - gnoll
Aim: a gnoll, wielding a club (almost dead)
The flame misses the gnoll.
The gnoll hits you with a club.
You die...

.##.###.....## ###..#
....# ##...## ##.# .####
##'## #.# .# #.# #.# ##
#.# #.# ##.####### #.#
##...##...######.#
#######.....#.#........#
......##...#...g@#######
#####.###.##.###.#
#........# #.#
#####.##.###.#
#.##.....# #.########
#.# #.# #.#


You could see a gnoll.

Vanquished Creatures
  An orc priest (D:3)
  7 adders
  An ooze (D:2)
  4 orcs (D:3)
  A giant cockroach (D:3)
  4 hobgoblins
  9 kobolds
  9 bats
  2 giant geckos
  5 giant newts
  11 goblins
  A goblin skeleton (D:4)
  3 jackals (D:1)
  6 rats
64 creatures vanquished.

Vanquished Creatures (others)
  A hobgoblin (D:1)
1 creature vanquished.

Grand Total: 65 creatures vanquished

Notes
Turn   | Place    | Note
--------------------------------------------------------------
     0 | D:1      | Kae, the Tengu Fire Elementalist, began the quest for the Orb.
     0 | D:1      | Reached XP level 1. HP: 10/10 MP: 3/3
    87 | D:1      | Reached XP level 2. HP: 6/15 MP: 0/5
   335 | D:1      | Learned a level 2 spell: Throw Flame
  1230 | D:2      | Reached XP level 3. HP: 15/19 MP: 4/7
  1729 | D:2      | Reached XP level 4. HP: 16/24 MP: 9/9
  1896 | D:2      | Reached skill level 4 in Conjurations
  2399 | D:3      | Reached XP level 5. HP: 28/28 MP: 1/12
  3147 | D:4      | Got a shimmering golden ring
  3187 | D:3      | Slain by a gnoll

Action                   |  1- 3 |  4- 6 || total
-------------------------+-------+-------++-------
Melee: Unarmed           |    10 |       ||    10
       Mace              |    13 |       ||    13
       Short sword       |     8 |    20 ||    28
 Cast: Flame Tongue      |    62 |    37 ||    99
 Stab: Sleeping          |       |     2 ||     2
